 Dungeon Crawl Stone Soup version 0.31-a0-364-gb59cdcccf2 (webtiles) character file.

Game seed: 9593197368361015588

116370 floatRand the Brawler (level 16, -1/112 HPs)
             Began as a Yellow Draconian Shapeshifter on July 28, 2023.
             Was the Champion of Wu Jian.
             Slain by a pharaoh ant (28 damage)
             ... on level 1 of the Spider Nest.
             The game lasted 00:48:50 (23261 turns).

floatRand the Brawler (DrSh)                       Turns: 23261, Time: 00:48:51

Health: -1/112     AC: 18    Str: 26 (27) XL:     16   Next: 20%
Magic:  22/22      EV: 17    Int: 15      God:    Wu Jian [******]
Gold:   1443       SH:  0    Dex: 15 (16) Spells: 17/23 levels left

rFire   + +          +
                       - Unarmed
rCold   + . .        A - melded +2 kite shield {AC+3}
rNeg    . . .        (body armour unavailable)
rPois   +            p - +2 hat {SInv}
rElec   .            C - +1 cloak {rCorr}
rCorr   +            (gloves currently unavailable)
SInv    +            c - +0 pair of boots
Will    ++...        n - amulet of Yshrour {RegenMP rPois rF+++ Regen+ Dex+3}
Stlth   ++++         t - ring "Xixobras" {AC+4 Str+5}
HPRegen 1.18/turn    Y - ring of Honesty {rC+ Will+ Int+4 SInv}
MPRegen 0.58/turn

%: no passive effects
@: about to teleport, blade hands
A: spit acid, AC +9, unfitting armour, acidic bite, cold-blooded, acid
resistance
a: Breathe Acid, Begin Untransformation, Renounce Religion, Wall Jump, Serpent's
Lash, Heavenly Storm


You were on level 1 of the Spider Nest.
You worshipped Wu Jian.
Wu Jian was exalted by your worship.
You had blades for hands.
You visited 5 branches of the dungeon, and saw 24 of its levels.
You also visited: Gauntlet and Ice Cave.

You collected 2692 gold pieces.
You spent 1249 gold pieces at shops.

Inventory:

Missiles
 D - 5 throwing nets
Armour
 c - a +0 pair of boots (worn)
 p - a +2 hat of see invisible (worn)
 x - a +0 pair of gloves
 A - a +2 kite shield of protection (melded)
 C - a +1 cloak of preservation (worn)
Jewellery
 n - the amulet of Yshrour (around neck) {RegenMP rPois rF+++ Regen+ Dex+3}
   (You acquired it on level 11 of the Dungeon)

   [amulet of magic regeneration]

   It increases your rate of magic regeneration.
   Dex:       It affects your dexterity (+3).
   rF:        It renders you almost immune to fire.
   rPois:     It protects you from poison.
   Regen:     It increases your rate of health regeneration.
 t - the ring "Xixobras" (left blade hand) {AC+4 Str+5}
   (You found it in a Gauntlet)

   [ring of protection]

   AC:        It affects your AC (+4).
   Str:       It affects your strength (+5).
 z - an amulet of reflection
 Y - the ring of Honesty (right blade hand) {rC+ Will+ Int+4 SInv}
   (You bought it in a shop on level 2 of the Orcish Mines)

   [ring of protection from cold]

   Int:       It affects your intelligence (+4).
   rC:        It protects you from cold.
   SInv:      It lets you see invisible.
   Will:      It increases your willpower.
Talismans
 b - a beast talisman
 y - a blade talisman
Wands
 w - a wand of light (11)
 B - a wand of flame (4)
 K - a wand of digging (12)
 M - a wand of roots (13)
 R - a wand of charming (1)
 S - a wand of polymorph (15)
 V - a wand of mindburst (9)
Scrolls
 d - 4 scrolls of enchant weapon
 f - 8 scrolls of teleportation
 h - 3 scrolls of immolation
 k - a scroll of identify
 l - 4 scrolls of blinking
 o - 2 scrolls of fear
 u - 5 scrolls of revelation
 O - a scroll of silence
 Q - a scroll of brand weapon
 W - 2 scrolls of poison
Potions
 a - 7 potions of lignification
 e - 2 potions of heal wounds
 i - 8 potions of enlightenment
 j - 12 potions of curing
 m - 2 potions of resistance
 q - 3 potions of ambrosia
 r - 3 potions of mutation
 s - 3 potions of cancellation
 v - 3 potions of brilliance
 E - 4 potions of magic
 F - 2 potions of attraction
 G - 2 potions of berserk rage
 I - 2 potions of haste
 P - a potion of invisibility
 U - a potion of might
Miscellaneous
 N - a phial of floods
 T - a box of beasts


   Skills:
 + Level 2.6 Fighting
 + Level 9.5 Dodging
 - Level 8.2 Stealth
 - Level 4.5 Shields
 * Level 18.2 Unarmed Combat
 - Level 4.3 Spellcasting
 * Level 10.7 Translocations
 - Level 4.5 Evocations
 * Level 15.2 Shapeshifting


You had 17 spell levels left.
You knew the following spells:

 Your Spells              Type           Power      Damage    Failure   Level
a - Blink                 Tloc           70%        N/A       10%         2
b - Manifold Assault      Tloc           35%        N/A       22%         4

Your spell library contained the following spells:

 Spells                   Type           Power      Damage    Failure   Level
 Lesser Beckoning         Tloc           70%        N/A       10%         2
 Passage of Golubria      Tloc           35%        N/A       22%         4
 Momentum Strike          Conj/Tloc      38%        3d9       26%         2
 Portal Projectile        Hex/Tloc       38%        N/A       36%         3
 Foxfire                  Conj/Fire      12%        2x1d4     61%         1
 Sting                    Tmut/Pois      12%        1d3       61%         1
 Cigotuvi's Dreadful Rot  Necr/Pois/Air  6%         N/A       69%         2
 Poisonous Vapours        Pois/Air       6%         N/A       69%         2
 Mephitic Cloud           Conj/Pois/Air  3%         N/A       86%         3
 Summon Guardian Golem    Hex/Summ       3%         N/A       86%         3
 Tukima's Dance           Hex            3%         N/A       86%         3
 Summon Forest            Summ/Tloc      9%         N/A       86%         5
 Dispel Undead            Necr           3%         3d7       99%         4
 Alistair's Intoxication  Tmut/Pois      2%         N/A       100%        5
 Borgnjor's Vile Clutch   Necr/Erth      1%         N/A       100%        5
 Freezing Cloud           Conj/Ice/Air   1%         6-21      100%        5
 Summon Mana Viper        Hex/Summ       3%         N/A       100%        5
 Yara's Violent Unravell  Hex/Tmut       1%         3d3       100%        5
 Death Channel            Necr           1%         N/A       100%        6
 Eringya's Noxious Bog    Tmut/Pois      1%         4d6       100%        6
 Summon Cactus Giant      Summ           1%         N/A       100%        6
 Enfeeble                 Hex            1%         N/A       100%        7
 Orb of Destruction       Conj           1%         9d5       100%        7
 Spellforged Servitor     Conj/Summ      1%         N/A       100%        7


Dungeon Overview and Level Annotations

Branches:
Dungeon (15/15)            Temple (1/1) D:4            Lair (5/5) D:9
  Swamp (0/4) Lair:3       Spider (1/4) Lair:3        Slime (0/5) Lair:4
    Orc (2/2) D:12            Elf (0/3) Orc:2        Vaults (0/5) D:13
 Depths (0/4) D:15          IceCv (visited)         Gauntlet (visited)

Altars:
Ashenzari
Cheibriados
Dithmenos
Elyvilon
Fedhas
Gozag
Hepliaklqana
Kikubaaqudgha
Makhleb
Nemelex Xobeh
Okawaru
Qazlal
Ru
Sif Muna
Trog
Uskayaw
Vehumet
Wu Jian
Xom
Yredelemnul
Zin
The Shining One
Jiyva
Lugonu

Shops:
Orc:2 (=[!(

Annotations:
D:2 1 runed translucent door, Crazy Yiuf
D:10 2 runed translucent doors, exclusion: orange crystal statue, NigelTetley's ghost, novice FoFi
Lair:1 3 runed translucent doors, Rysk's ghost, journeyman DrSh
Lair:3 2 transporters, vcxz's ghost, journeyman NaWn


Innate Abilities, Weirdness & Mutations

You have blades for hands.
Your spellcasting is less reliable in this form.
You are incapable of wielding weapons or throwing items.
You can spit globs of acid.
Your golden yellow scales are hard. (AC +9)
You cannot fit into any form of body armour.
You have acidic saliva.
You are cold-blooded and may be slowed by cold attacks.
You are resistant to acid. (rCorr)


Message History

A jumping spider comes into view.
You shred the spark wasp!!!
You kill the spark wasp!
The Council accepts your kill.
The jumping spider leaps!
Unknown command.
Unknown command.
As you read the scroll of teleportation, it crumbles to dust.
You feel strangely unstable.
A pharaoh ant comes into view.
The demonic crawler barely misses you. The demonic crawler hits you!
* * * LOW HITPOINT WARNING * * *
The demonic crawler closely misses you.
The jumping spider leaps!
Unknown command.
Unknown command.
The jumping spider leaps!
Unknown command.
The culicivora attacks as you move away!
The culicivora bites you but does no damage.
The demonic crawler misses you. x3; The culicivora bites you.
* * * LOW HITPOINT WARNING * * *
The culicivora draws strength from your injuries!
Unknown command.
The culicivora attacks as you move away!
The culicivora barely misses you.
Your surroundings suddenly seem different.
Unknown command.
A pharaoh ant is nearby!
You start resting.
A wolf spider comes into view.
A wolf spider is nearby!
As you read the scroll of teleportation, it crumbles to dust.
You feel strangely unstable.
The wolf spider's many legs skitter.
Unknown command.
There are monsters nearby!
You slash the pharaoh ant! You slash the pharaoh ant.
The pharaoh ant is severely damaged.
The pharaoh ant bites you!!
You die...

~~.~~~~~....# ###
#~#≈≈###...~## ....
#######≈....~# ##....
≈#~#≈~≈#...~≈# #......
~.....~~...≈## ##.......
.......^...≈## #........
...........~~# #........
~~~~.~..~.≈.## #........
###~≈##~~.~## #@B......
#########.## ###.....#
#....##^...#######.....#
..................#....# ..
.###†....#[.......s#...#...
# #..#...#.......s..B.....s
###.#####.......s..s.......
....# #.......s....#..°..
...## #..................


You could see a pharaoh ant.

Vanquished Creatures
  Rupert (D:13)
  Mlioglotl (Spider:1)
  Gastronok (Lair:2)
  A ghost moth (Spider:1)
  A broodmother (Spider:1)
  A minotaur (Gauntlet)
  A spark wasp (Spider:1)
  An ettin (D:15)
  Harold (Lair:1)
  A radroach (Spider:1)
  An ogre mage (Orc:2)
  5 catoblepae
  4 hydras
  5 boulder beetles
  7 centaur warriors
  A death knight (D:14)
  3 two-headed ogres
  11 death yaks
  4 tengu warriors (D:15)
  2 demonic crawlers (Spider:1)
  3 orc high priests (Orc:2)
  2 thrashing horrors (Gauntlet)
  A hell knight (D:15)
  2 skysharks
  A pharaoh ant (Spider:1)
  Amaemon (Lair:1)
  9 skeletal warriors
  A deep troll (D:15)
  An orb spider (Lair:3)
  2 steelbarb worms (Spider:1)
  3 necromancers
  A wizard (D:13)
  A phantasmal warrior (D:14)
  4 orc knights (Orc:2)
  A deep elf pyromancer (D:15)
  5 orc sorcerers
  7 cyclopes
  4 wolf spiders (Spider:1)
  13 ugly things
  3 manticores
  A rust devil (Gauntlet)
  3 ice statues (IceCv)
  4 black mambas
  15 elephants (Lair:4)
  9 cane toads
  An orange demon (Lair:1)
  3 gargoyles
  A kobold demonologist (D:9)
  4 rime drakes
  3 unseen horrors
  A torpor snail (Spider:1)
  An efreet (D:15)
  A freezing wraith (D:14)
  11 komodo dragons
  2 ice devils (Lair:4)
  4 trolls
  5 polar bears
  2 hornets
  2 tarantellas (Spider:1)
  13 blink frogs
  9 slime creatures
  15 dream sheep
  5 jumping spiders (Spider:1)
  Sigmund (D:6)
  4 culicivoras (Spider:1)
  2 dire elephant simulacra (IceCv)
  A vampire (D:13)
  A ynoxinul (Gauntlet)
  5 wraiths
  5 wyverns
  56 yaks
  3 basilisks
  7 vampire mosquitoes
  Grum (D:8)
  8 redbacks (Spider:1)
  Menkaure (D:7)
  2 steam dragons
  2 wargs
  4 acid dragons
  3 small abominations (Gauntlet)
  9 water moccasins
  4 ice beasts
  20 orc warriors
  A meliai simulacrum (D:11)
  18 wolves
  12 ogres
  15 centaurs
  4 phantoms
  A gnoll sergeant (D:10)
  14 bullfrogs
  5 scorpions
  10 wights
  A cane toad simulacrum (IceCv)
  3 troll zombies (D:12)
  17 killer bees
  2 howler monkeys
  4 electric eels
  15 orc priests
  2 hounds (D:4)
  3 iron imps (Gauntlet)
  2 jellies
  Ijyb (D:5)
  2 gnoll boudas
  7 hell rats (Lair:5)
  8 iguanas
  3 sleepcaps
  15 orc wizards
  2 polar bear simulacra (IceCv)
  2 wolf simulacra (IceCv)
  5 ogre zombies (D:12)
  17 gnolls
  6 adders
  8 river rats (Lair:5)
  6 white imps
  An ufetubus (D:6)
  3 worms
  A dart slug (D:3)
  50 orcs
  5 ball pythons
  6 endoplasms
  4 giant cockroaches
  8 goblins
  11 hobgoblins
  5 jackals
  8 kobolds
  3 quokkas
  4 bats
  3 goblin skeletons (D:12)
  2 goblin zombies (D:12)
  2 hobgoblin zombies (D:12)
  5 orc skeletons (D:12)
  13 orc zombies (D:12)
  6 rats
723 creatures vanquished.

Vanquished Creatures (others)
  An orc priest (Orc:2)
1 creature vanquished.

Grand Total: 724 creatures vanquished

Notes
Turn   | Place    | Note
-------+----------+-------------------------------------------
     0 | D:1      | floatRand the Draconian Shapeshifter began the quest for
                  | the Orb.
     0 | D:1      | Reached XP level 1. HP: 16/16 MP: 1/1
   101 | D:1      | Found a faded altar of an unknown god.
   212 | D:1      | Reached XP level 2. HP: 23/23 MP: 2/2
   547 | D:1      | You fall into a shaft and drop 1 floor!
   833 | D:2      | Found a runed translucent door.
   834 | D:2      | Noticed Crazy Yiuf
   967 | D:2      | Reached skill level 4 in Unarmed Combat
   967 | D:2      | Reached XP level 3. HP: 20/28 MP: 3/3
  1323 | D:2      | Reached XP level 4. HP: 25/35 MP: 4/4
  2227 | D:4      | Reached skill level 5 in Unarmed Combat
  2227 | D:4      | Reached XP level 5. HP: 38/40 MP: 5/5
  2482 | D:4      | Found a shimmering altar of Xom.
  2482 | D:4      | Noticed a phantom
  2518 | D:3      | Killed a phantom
  2519 | D:3      | Reached XP level 6. HP: 6/47 MP: 6/6
  2693 | D:4      | Found a staircase to the Ecumenical Temple.
  2835 | Temple   | Entered the Ecumenical Temple
  2906 | Temple   | Became a worshipper of the Wu Jian Council
  2967 | D:4      | Reached skill level 6 in Unarmed Combat
  3012 | D:4      | Identified the +1 pair of boots "Iluf" {*Slow rPois Slay+3}
  3449 | D:5      | Entered Level 5 of the Dungeon
  3775 | D:5      | Your scales start taking on a golden yellow colour.
  3775 | D:5      | Reached XP level 7. HP: 52/52 MP: 7/7
  3775 | D:5      | Gained mutation: You are resistant to acid. (rCorr) [Yellow
                  | Draconian growth]
  3792 | D:5      | Reached skill level 7 in Unarmed Combat
  3907 | D:5      | Reached skill level 5 in Shapeshifting
  4110 | D:5      | Reached skill level 8 in Unarmed Combat
  4158 | D:5      | Found a glowing silver altar of Zin.
  4268 | D:5      | Noticed Ijyb
  4274 | D:5      | Killed Ijyb
  4275 | D:5      | Reached XP level 8. HP: 59/59 MP: 8/8
  4890 | D:6      | Noticed Sigmund
  4900 | D:6      | Killed Sigmund
  4901 | D:6      | Reached skill level 9 in Unarmed Combat
  5106 | D:7      | Noticed Menkaure
  5241 | D:7      | Killed Menkaure
  5256 | D:7      | Reached * piety under Wu Jian
  5281 | D:7      | Reached skill level 10 in Unarmed Combat
  5342 | D:7      | Reached XP level 9. HP: 62/64 MP: 9/9
  5478 | D:7      | Found a snail-covered altar of Cheibriados.
  5907 | D:8      | Reached skill level 11 in Unarmed Combat
  5961 | D:8      | Reached ** piety under Wu Jian
  6096 | D:8      | Noticed a brown ugly thing
  6104 | D:8      | Noticed a centaur warrior
  6107 | D:8      | Killed a brown ugly thing
  6117 | D:8      | Killed a centaur warrior
  6118 | D:8      | Reached skill level 12 in Unarmed Combat
  6118 | D:8      | Reached XP level 10. HP: 27/71 MP: 10/10
  6435 | D:8      | Noticed Grum
  6479 | D:8      | Killed Grum
  6633 | D:8      | Reached skill level 1 in Stealth
  6633 | D:8      | Reached skill level 1 in Shields
  6945 | D:9      | Found a sacrificial altar of Ru.
  6973 | D:9      | Found a staircase to the Lair.
  7213 | D:9      | Reached *** piety under Wu Jian
  7217 | D:9      | Reached skill level 13 in Unarmed Combat
  7614 | D:9      | Found an ancient bone altar of Kikubaaqudgha.
  7614 | D:9      | Found a hazy altar of Hepliaklqana.
  7637 | D:10     | Entered Level 10 of the Dungeon
  7729 | D:10     | Noticed an orange crystal statue
  8267 | D:10     | Noticed a boulder beetle
  8287 | D:10     | Killed a boulder beetle
  8288 | D:10     | Reached XP level 11. HP: 26/77 MP: 11/11
  8402 | D:10     | Found a large runed translucent door.
  8402 | D:10     | Found a large runed translucent door.
  8402 | D:10     | Noticed NigelTetley's ghost (novice FoFi)
  8572 | D:11     | Noticed a death yak
  8595 | D:11     | Killed a death yak
  8675 | D:11     | Noticed a purple ugly thing
  8691 | D:11     | Killed a purple ugly thing
  8933 | D:11     | Noticed a cyan ugly thing
  8940 | D:11     | Killed a cyan ugly thing
  8998 | D:11     | Noticed a boulder beetle
  9163 | D:11     | Reached **** piety under Wu Jian
  9224 | D:11     | Killed a boulder beetle
  9359 | D:11     | Reached skill level 14 in Unarmed Combat
  9539 | D:11     | Identified 2 scrolls of acquirement
  9539 | D:11     | Acquired a manual of Shapeshifting
  9541 | D:11     | Acquired the amulet of Yshrour {RegenMP rPois rF+++ Regen+
                  | Dex+3}
  9610 | Lair:1   | Entered Level 1 of the Lair of Beasts
  9708 | Lair:1   | Reached skill level 5 in Dodging
  9715 | Lair:1   | Reached skill level 5 in Stealth
  9807 | Lair:1   | Found a gate leading to a gauntlet.
  9824 | Gauntlet | Entered a Gauntlet
  9824 | Gauntlet | Noticed a wizard
  9824 | Gauntlet | Found a transporter.
  9824 | Gauntlet | Found a transporter.
  9824 | Gauntlet | Found a transporter.
  9877 | Gauntlet | Found a transporter.
  9878 | Gauntlet | Found a transporter.
  9880 | Gauntlet | Noticed a necromancer
  9881 | Gauntlet | Found a transporter.
  9885 | Gauntlet | Noticed a sixfirhy
  9952 | Gauntlet | Found a transporter.
  9955 | Gauntlet | Found a transporter.
  9957 | Gauntlet | Found a large runed translucent door.
  9958 | Gauntlet | Found a large runed translucent door.
  9959 | Gauntlet | Found a large runed translucent door.
  9959 | Gauntlet | Found a large runed translucent door.
  9959 | Gauntlet | Found a runed translucent door.
  9959 | Gauntlet | Found a runed translucent door.
  9960 | Gauntlet | Found a large runed translucent door.
 10019 | Gauntlet | Found a transporter.
 10020 | Gauntlet | Found a large runed translucent door.
 10020 | Gauntlet | Found a transporter.
 10021 | Gauntlet | Found a large runed translucent door.
 10022 | Gauntlet | Found a large runed translucent door.
 10022 | Gauntlet | Found a large runed translucent door.
 10023 | Gauntlet | Found a large runed translucent door.
 10024 | Gauntlet | Found a large runed translucent door.
 10025 | Gauntlet | Found a large runed translucent door.
 10025 | Gauntlet | Found a large runed translucent door.
 10026 | Gauntlet | Found a runed translucent gate.
 10026 | Gauntlet | Found a runed translucent gate.
 10026 | Gauntlet | Found a runed translucent gate.
 10026 | Gauntlet | Noticed a thrashing horror
 10027 | Gauntlet | Found a runed translucent door.
 10027 | Gauntlet | Noticed a quicksilver ooze
 10028 | Gauntlet | Found a transporter.
 10029 | Gauntlet | Found a transporter.
 10029 | Gauntlet | Noticed a thrashing horror
 10037 | Gauntlet | Found a large runed translucent door.
 10038 | Gauntlet | Found a large runed translucent door.
 10039 | Gauntlet | Found a large runed translucent door.
 10299 | Gauntlet | Killed a necromancer
 10300 | Gauntlet | Reached XP level 12. HP: 32/83 MP: 12/12
 10475 | Gauntlet | Identified the ring "Xixobras" {AC+4 Str+5}
 10503 | Gauntlet | Identified the +7 flail of Iconoclasm {drain, MP+9}
 10503 | Gauntlet | Noticed a minotaur
 10513 | Gauntlet | HP: 1/71 [minotaur/the +7 flail of Iconoclasm {drain, MP+9}
                  | (7)]
 10514 | Gauntlet | Killed a minotaur
 10591 | Gauntlet | Got Nomon's Almanac of Shifting Soot
 10599 | Gauntlet | Got the Vellum of Hexes
 10601 | Gauntlet | Identified the +2 ring mail "Sehom" {rElec Regen+ Stlth+}
 10753 | Lair:1   | Noticed Amaemon
 10788 | Lair:1   | Killed Amaemon
 10789 | Lair:1   | Reached skill level 15 in Unarmed Combat
 10789 | Lair:1   | Reached skill level 10 in Shapeshifting
 10874 | Lair:1   | Found a runed translucent gate.
 10874 | Lair:1   | Found a runed translucent gate.
 10874 | Lair:1   | Found a runed translucent gate.
 10876 | Lair:1   | Noticed Rysk's ghost (journeyman DrSh)
 10877 | Lair:1   | Noticed a ten-headed hydra
 10879 | Lair:1   | Noticed an 11-headed hydra
 11172 | Lair:1   | Learned a level 2 spell: Blink
 11424 | Lair:2   | Noticed Harold
 11593 | Lair:2   | Noticed a five-headed hydra
 11620 | Lair:1   | Killed Harold
 11690 | Lair:2   | Noticed Gastronok
 11707 | Lair:2   | Killed Gastronok
 11708 | Lair:2   | Reached skill level 1 in Translocations
 11827 | Lair:2   | Noticed a catoblepas
 11918 | Lair:2   | Identified the +1 short sword of Wafuf {flame, rN+ Dex+2}
 11945 | Lair:2   | Reached ***** piety under Wu Jian
 11986 | Lair:2   | Killed a five-headed hydra
 12066 | Lair:2   | Learned a level 4 spell: Manifold Assault
 12182 | Lair:2   | Killed a catoblepas
 12185 | Lair:2   | Reached skill level 1 in Evocations
 12515 | Lair:3   | Found a hole to the Spider Nest.
 12865 | Lair:3   | Found a staircase to the Swamp.
 12871 | Lair:3   | Reached XP level 13. HP: 80/89 MP: 13/13
 12972 | Lair:3   | Noticed vcxz's ghost (journeyman NaWn)
 12976 | Lair:3   | Found a transporter.
 12984 | Lair:3   | Found a bloodstained altar of Trog.
 13031 | Lair:3   | Found a transporter.
 13484 | Lair:4   | Found a viscous altar of Jiyva.
 13484 | Lair:4   | Found a staircase to the Slime Pits.
 13654 | Lair:4   | Found a frozen archway.
 13659 | Lair:4   | Reached skill level 16 in Unarmed Combat
 13665 | IceCv    | Entered an ice cave
 13876 | IceCv    | Reached skill level 5 in Translocations
 15066 | Lair:4   | Identified the +15 plate armour "Dyschuwofa" {rPois rCorr}
 15103 | Lair:5   | Entered Level 5 of the Lair of Beasts
 15574 | Lair:5   | Gained mutation: You have acidic saliva. [Yellow Draconian
                  | growth]
 15574 | Lair:5   | Reached XP level 14. HP: 91/96 MP: 14/14
 16426 | Lair:5   | Reached skill level 1 in Spellcasting
 17097 | D:12     | Reached skill level 17 in Unarmed Combat
 17336 | D:12     | Found a staircase to the Orcish Mines.
 17397 | D:12     | Reached ****** piety under Wu Jian
 18083 | D:13     | Found a gate to the Vaults.
 18177 | D:13     | Noticed Rupert
 18191 | D:13     | Killed Rupert
 18192 | D:13     | Reached XP level 15. HP: 51/102 MP: 18/18
 18361 | D:13     | Found a broken altar of Ashenzari.
 19102 | D:14     | Found a shadowy altar of Dithmenos.
 19686 | D:15     | Entered Level 15 of the Dungeon
 19686 | D:15     | Found a corrupted altar of Lugonu.
 20179 | D:15     | Found a staircase to the Depths.
 20572 | Orc:1    | Entered Level 1 of the Orcish Mines
 20681 | Orc:2    | Entered Level 2 of the Orcish Mines
 20970 | Orc:2    | Found a staircase to the Elven Halls.
 20989 | Orc:2    | Found Notuw's Weapon Shoppe.
 21090 | Orc:2    | Found Obliosch's Distillery.
 21162 | Orc:1    | Reached skill level 10 in Translocations
 21512 | Orc:2    | Reached skill level 15 in Shapeshifting
 21534 | Orc:2    | Reached skill level 18 in Unarmed Combat
 21591 | Orc:2    | Found Vianasi's Antique Armour Emporium.
 21598 | Orc:2    | Found Witsayli's Jewellery Emporium.
 21600 | Orc:2    | Found Oreul's Antique Weapon Boutique.
 21606 | Orc:2    | Bought the ring of Honesty {rC+ Will+ Int+4 SInv} for 753
                  | gold pieces
 21628 | Orc:2    | Bought a potion of heal wounds for 80 gold pieces
 21628 | Orc:2    | Bought a potion of heal wounds for 80 gold pieces
 21628 | Orc:2    | Bought a potion of lignification for 48 gold pieces
 21628 | Orc:2    | Bought a potion of enlightenment for 80 gold pieces
 21628 | Orc:2    | Bought a potion of resistance for 160 gold pieces
 21628 | Orc:2    | Bought a potion of curing for 48 gold pieces
 22256 | Spider:1 | Entered Level 1 of the Spider Nest
 22445 | Spider:1 | Reached XP level 16. HP: 110/110 MP: 22/22
 22855 | Spider:1 | Noticed Mlioglotl
 22867 | Spider:1 | Killed Mlioglotl
 23261 | Spider:1 | Slain by a pharaoh ant

Illustrated notes

Levels and vault maps discovered:
D:1:      spicycebolla_green_bress_n_ham_2, layout_basic,
          hellmonk_ecumenical_altar_pennies_from_heaven, minmay_circled_x
D:2:      layout_loops_cross, minmay_puff, uniq_crazy_yiuf_cottage
D:3:      layout_basic, minmay_misc_feat_secret_circle,
          dreamdust_princess_bridge, reono_crystal_passage
D:4:      layout_cave_pools, nicolae_overflow_crystal_walls,
          minmay_temple_entry_glassed_door, small_statue_intersection,
          minivault_25, minmay_misc_feat_x, kennysheep_generic_room_2
D:5:      layout_basic, nicolae_overflow_hidden_temple, uniq_ijyb
D:6:      layout_basic, uniq_sigmund
D:7:      layout_loops_ring, mainiacjoe_overflow_six_doors_small, uniq_menkaure
D:8:      layout_basic, minmay_diamond_spiral, uniq_grum
D:9:      layout_basic, mainiacjoe_overflow_paths,
          gammafunk_temple_overflow_pools, lair_entry_dummy
D:10:     layout_basic, ebering_ghost_disaster_area, minivault_16
D:11:     layout_irregular_city, serial_ice, serial_ice_m, serial_ice_e,
          serial_ice_g, serial_ice_d, serial_ice_l, serial_ice_n, serial_ice_a,
          serial_ice_f, serial_ice_b, serial_ice_h
D:12:     layout_stronghold, zombieorc2_lemuel
D:13:     layout_cross, david_vaults_1, serial_column_ruins,
          column_ruins_grid_1, column_ruins_columns_dead_end,
          column_ruins_open_small, column_ruins_columns_dead_end,
          column_ruins_grid_1, evilmike_ruin_ashenzari, uniq_rupert
D:14:     layout_grid_maze, nicolae_dithmenos_the_darkroom
D:15:     hangedman_depths_entry_civil_slaughter, layout_rooms,
          skrybe_limestone_x, tgw_lugonu_bribe
Temple:   nicolae_temple_x_marks_the_god
Lair:1:   layout_loops_ring, gauntlet_entry_generic, gammafunk_ghost_hydra_chop,
          uniq_amaemon
Lair:2:   layout_cave_shapes, chequers_serial_rivers_micro_e, uniq_gastronok,
          uniq_harold
Lair:3:   layout_cave_pods, minmay_swamp_entry_reptiles,
          nicolae_spider_entry_orb_guardian, gammafunk_ghost_wrathful_warriors,
          infiniplex_staircase_pool
Lair:4:   layout_cave_shapes, slime_entry_1, portal_ice_cave_demonic_guard,
          st_stairs_13
Lair:5:   evilmike_catoblepas_cave, layout_cave_shapes, kennysheep_rathole,
          serial_bayou_shore_a, grunt_megastairs_2, lemuel_fruit_tree
Spider:1: layout_chambers, nicolae_spider_spiderdrome, uniq_mlioglotl
Orc:1:    layout_caves
Orc:2:    st_orc_elflike, layout_caves, serial_shops, nicolae_shop_crystal

Skill      XL: |  1  2  3  4  5  6  7  8  9 10 11 12 13 14 15 16 |
---------------+-------------------------------------------------+-----
Unarmed Combat | 4 5 6 8 10 12 13 14 15 16 17 18 | 18.2
Shapeshifting  | 4 5 6 7 8 9 10 12 13 15 | 15.2
Dodging        | 3 5 6 7 8 9 |  9.5
Stealth        | 3 5 6 7 8 |  8.2
Shields        | 3 4 |  4.5
Translocations | 3 6 8 10 | 10.7
Evocations     | 1 3 4 |  4.5
Spellcasting   | 2 4 |  4.3
Fighting       | 2 |  2.6

Action                     |  1- 3 |  4- 6 |  7- 9 | 10-12 | 13-15 | 16-18 || total
---------------------------+-------+-------+-------+-------+-------+-------++-------
  Melee: Unarmed           |   103 |   128 |   199 |   541 |  1141 |    89 ||  2201
         Tailslap          |     9 |    16 |    32 |    87 |   201 |    18 ||   363
         Punch             |     2 |     3 |    15 |     5 |   116 |    15 ||   156
         Bite              |       |       |       |       |   102 |    11 ||   113
   Cast: Blink             |       |       |       |       |     2 |       ||     2
 Invoke: Serpent's Lash    |       |       |       |       |     1 |       ||     1
         Heavenly Storm    |       |       |       |       |     1 |       ||     1
Ability: Lunge             |       |     3 |    23 |    35 |    85 |     4 ||   150
         Breathe Acid      |       |       |     7 |     7 |     9 |       ||    23
         Whirlwind         |       |       |     2 |    21 |    35 |     3 ||    61
  Evoke: Wand              |       |     1 |       |     5 |     6 |       ||    12
    Use: Scroll            |       |     6 |     4 |    18 |     9 |     2 ||    39
         Potion            |       |       |     1 |     7 |       |     1 ||     9
   Stab: Sleeping          |     1 |     1 |     1 |     2 |    13 |       ||    18
         Invisible         |       |       |       |     2 |     1 |       ||     3
         Distracted        |       |       |       |     1 |       |     1 ||     2
 Armour: Skin              |    34 |    35 |    32 |   130 |   301 |    41 ||   573
  Dodge: Dodged            |    64 |    92 |    97 |   214 |   674 |    59 ||  1200
  Block: Kite shield       |       |       |       |   252 |       |       ||   252
   Form: Blade             |       |       |       |     1 |       |       ||     1

Table legend: (Time is in decaauts)
 A = Elapsed time spent in this place.
 B = Non-inter-level travel time spent in this place.
 C = Inter-level travel time spent in this place.
 D = Time resting spent in this place.
 E = Time spent auto-exploring this place.
 F = Levels seen in this place.
 G = Mean time per level.
                   A        B        C        D        E       F      G
               +--------+--------+--------+--------+--------+-----+--------+
         Total |  22873 |  22006 |    867 |   3278 |  11382 |  26 |  879.7 |
       Dungeon |  13146 |  12605 |    541 |   1415 |   7654 |  15 |  876.4 |
        Temple |     79 |     79 |      0 |     63 |      0 |   1 |   79.0 |
          Lair |   6103 |   5823 |    280 |   1036 |   2478 |   5 | 1220.6 |
   Spider Nest |    960 |    960 |      0 |    202 |    510 |   1 |  960.0 |
  Orcish Mines |   1419 |   1374 |     45 |    159 |    738 |   2 |  709.5 |
      Ice Cave |    388 |    388 |      0 |    189 |      0 |   1 |  388.0 |
      Gauntlet |    775 |    775 |      0 |    213 |      0 |   1 |  775.0 |
               +--------+--------+--------+--------+--------+-----+--------+

Top non-repeatable levels by time:
  Lair:3: 1454 daAuts
    D:14: 1336 daAuts
  Lair:1: 1335 daAuts
  Lair:4: 1323 daAuts
  Lair:5: 1180 daAuts
    D:11: 1061 daAuts
Spider:1: 960 daAuts
     D:2: 946 daAuts
    D:10: 941 daAuts
   Orc:2: 903 daAuts
     D:9: 899 daAuts
     D:5: 895 daAuts
     D:8: 889 daAuts
     D:3: 848 daAuts
    D:12: 845 daAuts
